 Dungeon Crawl Stone Soup version 0.30-a0-414-gcb316572d5 (webtiles) character file.

Game seed: 17790730961455687803

4076 p00ps00p the Cleaver (level 10, -10/91 HPs)
             Began as a Hill Orc Fighter on Dec 8, 2022.
             Mangled by a two-headed ogre
             ... wielding a +0 giant club
              (21 damage)
             ... on level 9 of the Dungeon.
             The game lasted 00:12:13 (8576 turns).

p00ps00p the Cleaver (Hill Orc Fighter)             Turns: 8576, Time: 00:12:13

Health: -10/91     AC: 22    Str: 24    XL:     10   Next: 25%
Magic:  10/10      EV:  7    Int:  8    God:
Gold:   211        SH: 11    Dex: 10    Spells: 9/9 levels left

rFire   . . .      SeeInvis .    a - +0 war axe (chaos)
rCold   . . .      Faith    .    c - +0 buckler
rNeg    . . .      Spirit   .    y - +2 plate armour {rPois}
rPois   +          Reflect  +    i - +2 helmet
rElec   .          Harm     .    A - scarf {repulsion}
rCorr   .          Rampage  .    q - +2 pair of gloves
Will    .....                    (no boots)
Stlth   ..........               E - amulet of reflection
HPRegen 0.35/turn                H - +4 ring of slaying
MPRegen 0.12/turn                (no ring)

@: hasted, repel missiles, very quick
A: no striking features
a: no special abilities


You were on level 9 of the Dungeon.
You visited 1 branch of the dungeon, and saw 9 of its levels.
You also visited: Sewer.

You collected 1506 gold pieces.
You spent 1295 gold pieces at shops.

Inventory:

Hand Weapons
 a - a +0 war axe of chaos (weapon)
 G - a +0 hand axe of freezing
Missiles
 C - a throwing net (quivered)
Armour
 b - a +4 chain mail of positive energy
 c - a +0 buckler (worn)
 i - a +2 helmet (worn)
 m - a +0 plate armour
 q - a +2 pair of gloves (worn)
 y - a +2 plate armour of poison resistance (worn)
 A - a scarf of repulsion (worn)
Jewellery
 r - a ring of wizardry
 s - a ring of fire
 D - an amulet of faith
 E - an amulet of reflection (around neck)
 H - a +4 ring of slaying (left hand)
Wands
 v - a wand of roots (28)
 J - a wand of polymorph (5)
Scrolls
 n - a scroll of poison
 t - 2 scrolls of magic mapping
 u - 5 scrolls of teleportation
 w - 2 scrolls of amnesia
 z - 2 scrolls of fear
Potions
 d - 3 potions of might
 e - 2 potions of berserk rage
 f - 3 potions of flight
 g - 2 potions of haste
 h - 3 potions of resistance
 j - 3 potions of lignification {unknown}
 k - a potion of invisibility {unknown}
 l - 5 potions of mutation
 o - 2 potions of curing
 p - 4 potions of heal wounds
 x - 3 potions of magic
 B - a potion of ambrosia {unknown}
 F - a potion of brilliance {unknown}
 I - a potion of cancellation {unknown}


   Skills:
 + Level 9.5 Fighting
 + Level 9.8 Axes
 + Level 8.7 Armour
 + Level 8.7 Shields


You had 9 spell levels left.
You didn't know any spells.
Your spell library contained the following spells:

 Spells                   Type           Power      Damage    Failure   Level
 Beastly Appendage        Tmut           0%         N/A       100%        1
 Magic Dart               Conj           0%         1d3       100%        1
 Searing Ray              Conj           0%         2d4       100%        2
 Wereblood                Tmut           0%         N/A       100%        2
 Gell's Gravitas          Tloc           0%         N/A       100%        3
 Hailstorm                Conj/Ice       0%         3d3       100%        3
 Lesser Beckoning         Tloc           0%         N/A       100%        3
 Spider Form              Tmut/Pois      0%         N/A       100%        3
 Teleport Other           Tloc           0%         N/A       100%        3
 Fulminant Prism          Conj/Hex       0%         3d5       100%        4
 Ice Form                 Ice/Tmut       0%         N/A       100%        4
 Simulacrum               Ice/Necr       0%         N/A       100%        6


Dungeon Overview and Level Annotations

Branches:
Dungeon (9/15)             Temple (0/1) D:5           Sewer (visited)
   Lair: D:8-11         Orc: D:9-12

Altars:
Cheibriados
Fedhas
Okawaru
Trog
Uskayaw
Xom

Shops:
D:3 *:[   D:5 (   D:6 *   D:8 *


Message History

You are too injured to fight recklessly!
You are too injured to fight recklessly!
You are too injured to fight recklessly!
You are too injured to fight recklessly!
You are too injured to fight recklessly!
You are too injured to fight recklessly!
Unknown command.
You feel much better. The troll bites you.
The troll claws you but does no damage. You block the troll's attack.
Something hits you!
* * * LOW HITPOINT WARNING * * *
Something hits you!
* * * LOW HITPOINT WARNING * * *
You feel much better. The troll bites you.
* * * LOW HITPOINT WARNING * * *
The troll barely misses you. The troll claws you!
* * * LOW HITPOINT WARNING * * *
Unknown command.
You feel much better. The troll bites you.
The troll claws you but does no damage. x2; Something hits you!!
* * * LOW HITPOINT WARNING * * *
Something hits you!
* * * LOW HITPOINT WARNING * * *
Unknown command.
You feel much better. The troll bites you but does no damage.
You block the troll's attack. The troll barely misses you.
Something hits you. x2
Unknown command.
You feel yourself speed up. You block the troll's attack. The troll claws you.
* * * LOW HITPOINT WARNING * * *
The troll claws you but does no damage.
Unknown command.
You barely miss the troll.
The troll is almost dead.
You barely miss something. The troll bites you but does no damage.
The troll claws you!
* * * LOW HITPOINT WARNING * * *
You block the troll's attack. Something hits you.
* * * LOW HITPOINT WARNING * * *
Something hits you!!
You die...

#<# ##.# #.# #.# ##>.#
#.# #.# ##..## #.#
#######.## #..## #.#
.........# ##'### #.#
.........# #))).### #.#
.........# ####....'..
#.#
........{#####..'....##.
..$...T@.......##...<#
.........########....#
.........# ###+##
.........# ###.###### #.
#


You could see a troll (poisoned).

Vanquished Creatures
  Joseph (D:7)
  Maggie (D:7)
  A wyvern (D:8)
  Menkaure (D:7)
  A water moccasin (D:7)
  A black bear (D:6)
  3 ice beasts
  2 orc warriors
  4 sky beasts
  3 ogres
  3 centaurs
  2 phantoms
  2 kobold brigands
  2 necrophages
  2 bullfrogs
  2 scorpions
  A howler monkey (D:7)
  2 hounds
  7 jellies
  3 orc priests
  2 gnoll boudas
  3 orc wizards
  Natasha (thrice) (D:2)
  Robin (D:2)
  10 gnolls
  11 adders
  A river rat (Sewer)
  3 white imps
  An ufetubus (D:4)
  4 worms
  6 dart slugs
  24 orcs
  9 bats
  10 endoplasms
  10 giant cockroaches
  14 goblins
  10 hobgoblins
  8 jackals
  3 quokkas (D:4)
  7 ball pythons
  7 frilled lizards
  16 kobolds
  3 rats
  A bush (D:5)
211 creatures vanquished.

Notes
Turn   | Place    | Note
-------+----------+-------------------------------------------
     0 | D:1      | p00ps00p the Hill Orc Fighter began the quest for the Orb.
     0 | D:1      | Reached XP level 1. HP: 19/19 MP: 1/1
   158 | D:1      | Reached XP level 2. HP: 27/27 MP: 2/2
   498 | D:2      | Noticed Natasha
   502 | D:2      | Killed Natasha
   503 | D:2      | Reached XP level 3. HP: 31/33 MP: 3/3
   601 | D:2      | Noticed Robin
   607 | D:2      | Reached XP level 4. HP: 36/40 MP: 4/4
   612 | D:2      | Killed Robin
   745 | D:2      | Noticed Natasha
   763 | D:2      | Killed Natasha
  1064 | D:2      | Reached XP level 5. HP: 9/47 MP: 5/5
  1235 | D:2      | Noticed Natasha
  1244 | D:2      | Killed Natasha
  1261 | D:2      | Identified a scroll of acquirement
  1261 | D:2      | Acquired 901 gold pieces
  2038 | D:3      | Found Kuwaghusu's Antique Armour Shoppe.
  2055 | D:3      | Bought a pair of embroidered gloves for 180 gold pieces
  2092 | D:3      | Found Ythrikh's Book Shoppe.
  2119 | D:3      | Bought a glowing chain mail for 180 gold pieces
  2285 | D:3      | Found a blossoming altar of Fedhas.
  2285 | D:3      | Found a shimmering altar of Xom.
  2288 | D:3      | Found a bloodstained altar of Trog.
  2358 | D:3      | Found Maehanu's General Store.
  2362 | D:3      | Bought a potion of curing for 30 gold pieces
  2362 | D:3      | Bought 2 potions of heal wounds for 100 gold pieces
  2362 | D:3      | Bought a potion of berserk rage for 50 gold pieces
  2362 | D:3      | Bought a potion of heal wounds for 50 gold pieces
  2542 | D:4      | Reached skill level 5 in Fighting
  2542 | D:4      | Reached XP level 6. HP: 53/56 MP: 6/6
  3614 | D:5      | Entered Level 5 of the Dungeon
  3631 | D:5      | Found a staircase to the Ecumenical Temple.
  3712 | D:5      | Reached skill level 5 in Axes
  3712 | D:5      | Reached skill level 5 in Armour
  3712 | D:5      | Reached skill level 5 in Shields
  3847 | D:5      | Reached XP level 7. HP: 56/61 MP: 7/7
  3847 | D:5      | Found a glowing drain.
  3856 | Sewer    | Entered a sewer
  4070 | Sewer    | Found a viscous altar of Jiyva.
  4593 | D:5      | Reached XP level 8. HP: 63/71 MP: 8/8
  4940 | D:5      | Found Sukhlum's Antique Weapon Shop.
  5215 | D:6      | Found Soashroego's Lightly-Used Armoury.
  5449 | D:6      | Reached XP level 9. HP: 53/79 MP: 9/9
  6402 | D:7      | Noticed Joseph
  6407 | D:7      | Noticed Maggie
  6436 | D:7      | Killed Joseph
  6443 | D:7      | Killed Maggie
  6837 | D:7      | Noticed Menkaure
  6844 | D:7      | Killed Menkaure
  7422 | D:7      | Reached XP level 10. HP: 91/91 MP: 10/10
  7686 | D:8      | Found an iron altar of Okawaru.
  7744 | D:8      | Found Ontaorph's Assorted Antiques.
  7756 | D:8      | Bought a scroll of teleportation for 90 gold pieces
  7756 | D:8      | Bought a potion of heal wounds for 150 gold pieces
  7756 | D:8      | Bought a scroll of fear for 120 gold pieces
  7756 | D:8      | Bought a scroll of magic mapping for 225 gold pieces
  7756 | D:8      | Bought a scroll of fear for 120 gold pieces
  8379 | D:8      | Found a hide-covered altar of Uskayaw.
  8389 | D:8      | Found a snail-covered altar of Cheibriados.
  8559 | D:9      | Noticed a two-headed ogre
  8576 | D:9      | Mangled by a two-headed ogre

Illustrated notes

Levels and vault maps discovered:
D:1:      moated_graveyard_arrival, layout_basic
D:2:      minmay_recursive_quarters, layout_basic, uniq_robin, uniq_natasha
D:3:      layout_basic, minitemple, serial_shops, shop, nicolae_shop_stone,
          shop, st_stairs_12, kennysheep_generic_room_16
D:4:      layout_basic, corexii_item_surrounded_by_moat, hangedman_decor_lopped,
          minmay_between
D:5:      layout_basic, minmay_temple_entry_hall, serial_shops, shop,
          portal_sewer_entry_d, kb_lookout_dungeons_type
D:6:      layout_gridville, minmay_misc_feat_chi, serial_bayou_pond_c,
          minmay_shop_damaged
D:7:      layout_loops_ring, uniq_menkaure, uniq_maggie, uniq_joseph
D:8:      layout_loops_cross, amethyst_overflow_temple_binary,
          mainiacjoe_overflow_small_starburst, serial_shops, nicolae_shop_stone
D:9:      layout_roguey, orc_david_3, nzn_random_ring

Skill      XL: |  1  2  3  4  5  6  7  8  9 |
---------------+----------------------------+-----
Axes           | 3 4 5 6 7 9 |  9.8
Fighting       | 4 5 6 7 9 |  9.5
Armour         | 4 5 6 8 |  8.7
Shields        | 4 5 6 8 |  8.7

Action                   |  1- 3 |  4- 6 |  7- 9 | 10-12 || total
-------------------------+-------+-------+-------+-------++-------
Melee: War axe           |    67 |   233 |   355 |    69 ||   724
  Use: Scroll            |     5 |     4 |     9 |       ||    18
       Potion            |       |       |     4 |     5 ||     9
Armor: Scale mail        |    46 |    49 |       |       ||    95
       Plate armour      |       |    53 |       |    63 ||   116
       Chain mail        |       |    62 |   264 |       ||   326
Dodge: Dodged            |    42 |   103 |   142 |    16 ||   303
Block: Buckler           |    18 |    57 |   145 |    41 ||   261
       Reflection        |       |       |     2 |     1 ||     3

Table legend: (Time is in decaauts)
 A = Elapsed time spent in this place.
 B = Non-inter-level travel time spent in this place.
 C = Inter-level travel time spent in this place.
 D = Time resting spent in this place.
 E = Time spent auto-exploring this place.
 F = Levels seen in this place.
 G = Mean time per level.
                   A        B        C        D        E       F      G
               +--------+--------+--------+--------+--------+-----+--------+
         Total |   8811 |   8516 |    295 |    866 |   5950 |  10 |  881.1 |
       Dungeon |   8391 |   8096 |    295 |    866 |   5698 |   9 |  932.3 |
         Sewer |    420 |    420 |      0 |      0 |    252 |   1 |  420.0 |
               +--------+--------+--------+--------+--------+-----+--------+

Top non-repeatable levels by time:
     D:7: 1465 daAuts
     D:2: 1312 daAuts
     D:6: 1251 daAuts
     D:4: 1119 daAuts
     D:5: 1030 daAuts
     D:8: 813 daAuts
     D:3: 781 daAuts
     D:1: 517 daAuts
   Sewer: 420 daAuts
     D:9: 101 daAuts
